AoeStats
← Osan

Nomad

509646871Analyzed
3v3 RM · 5d ago on Sep 27, 2026· 42m 39s· 6 players
Game mode
Random Map
Map size
210×210
Population
200
Speed
Normal
Resources
Standard
Victory
Conquest
Starting age
Dark Age
Ending age
Imperial Age
RankedLock teamsTeams togetherTeam positionsShared explorationLock speedFull tech treeHidden civsTurbo modeCheats
Victory
Defeat
🇩🇪 Britons · Germany
1174
+16
🇨🇳 Italians · China
1174
+16
🇳🇴 Huns · Norway
1173
+16
1214
-17
🇷🇺 Persians · Russia
1211
-17
🇷🇺 Bohemians · Russia
1113
-14
bcN^
12:05 Loom
14:02 Feudal Age
12:17 Loom
17:37 Fishing Lines
18:41 Wheelbarrow
20:00 Double-Bit Axe
23:20 Castle Age
21:32 Bloodlines
24:02 Scale Barding Armor
23:22 Light Cavalry
24:57 Medium Warships
25:09 Medium Warships
25:34 Gillnets
27:51 Fletching
29:20 Padded Archer Armor
29:18 Bodkin Arrow
31:43 Wheelbarrow
34:12 Bow Saw
34:50 Hand Cart
34:59 Padded Archer Armor
37:58 Pikeman
39:46 Horse Collar
40:39 Ballistics
42:19 Squires
42:29 Scale Mail Armor
Dine'nDash
4:58 Loom
12:39 Feudal Age
13:46 Double-Bit Axe
15:15 Fletching
23:33 Castle Age
23:34 Crossbowman
24:10 Bodkin Arrow
26:24 Ballistics
25:54 Pikeman
29:52 Horse Collar
31:38 Heavy Plow
41:18 Imperial Age
39:13 Gold Mining
40:32 Wheelbarrow
40:26 Padded Archer Armor
41:15 Scale Mail Armor
41:28 Forging
42:02 Bracer
41:46 Arbalester
546308830
3:39 Loom
13:55 Feudal Age
15:09 Double-Bit Axe
20:00 Castle Age
18:06 Gold Mining
19:05 Fletching
22:11 Medium Warships
21:51 Fishing Lines
22:56 Bow Saw
23:36 Padded Archer Armor
23:49 Gillnets
30:01 Stone Mining
34:27 Imperial Age
33:01 Wheelbarrow
32:42 Squires
32:28 Arson
32:51 Horse Collar
34:18 Ballistics
34:14 Hand Cart
33:46 Town Watch
34:40 Leather Archer Armor
35:00 Bodkin Arrow
36:30 Chemistry
36:10 Conscription
36:02 Scale Mail Armor
36:37 Bracer
38:15 Hoardings
38:41 Treadmill Crane
39:11 Masonry
39:39 Chain Mail Armor
39:37 Forging
43:15 Plate Mail Armor
43:23 Iron Casting
Osan
8:44 Loom
13:17 Feudal Age
13:52 Double-Bit Axe
17:22 Forging
22:33 Castle Age
23:16 Medium Warships
24:16 Husbandry
28:37 Iron Casting
29:47 Masonry
32:20 Bloodlines
32:25 Scale Barding Armor
33:18 Ballistics
32:50 Horse Collar
34:31 Fletching
36:49 Wheelbarrow
38:09 Bodkin Arrow
38:45 Chain Barding Armor
40:22 Heavy Plow
42:33 Murder Holes
[Opa] GuDock
5:40 Loom
12:52 Feudal Age
16:18 Town Watch
19:31 Castle Age
18:14 Fishing Lines
19:34 Double-Bit Axe
20:48 Medium Warships
21:25 Fletching
22:14 Bow Saw
22:21 Bodkin Arrow
23:05 Wheelbarrow
30:11 Careening
38:19 Imperial Age
36:19 Elite Skirmisher
37:33 Padded Archer Armor
42:30 Chemistry
сашка фермер
4:23 Loom
10:44 Double-Bit Axe
13:03 Wheelbarrow
15:19 Feudal Age
15:43 Gold Mining
15:43 Horse Collar
20:18 Castle Age
19:08 Horse Collar
20:25 Forging
20:21 Scale Barding Armor
20:47 Stone Mining
20:31 Cavalier
21:13 Husbandry
24:08 Iron Casting
26:24 Chain Barding Armor
27:53 Hand Cart
30:47 Bow Saw
30:46 Heavy Plow
37:31 Gold Shaft Mining
40:01 Stone Shaft Mining
41:20 Burgundian Vineyards
42:04 Crop Rotation
Connection lost

Rejoining the realm…

Still unreachable

The connection could not be restored.

Session expired

The server has moved on; the page needs a fresh start.